 Dungeon Crawl Stone Soup version 0.29.0-4-gdea44cf6ec (webtiles) character file.

Game seed: 2071337828103984291

5903 qw the Cleaver (level 10, -1/88 HPs)
             Began as a Minotaur Berserker on Sept 7, 2022.
             Was an Elder of Trog.
             Slain by an ice beast (4 damage)
             ... while petrified by a basilisk
             ... on level 8 of the Dungeon.
             The game lasted 00:02:42 (8706 turns).

qw the Cleaver (Minotaur Berserker)                 Turns: 8706, Time: 00:02:43

Health: -1/88      AC: 13    Str: 32    XL:     10   Next: 53%
Magic:  9/9        EV:  2    Int:  4    God:    Trog [****..]
Gold:   145        SH:  0    Dex: 10    Spells: 9/9 levels left

rFire   . . .      SeeInvis .   g - +0 broad axe
rCold   . . .      Faith    .   k - +0 kite shield
rNeg    + + +      Spirit   .   q - +0 chain mail
rPois   inf        Reflect  .   (helmet restricted)
rElec   .          Harm     .   m - +0 cloak
rCorr   .          Rampage  .   (no gloves)
Will    .....                   o - +1 pair of boots
Stlth   ..........              (no amulet)
HPRegen 0.24/turn               r - +6 ring of strength
MPRegen 0.11/turn               h - +4 ring of evasion

@: petrified
A: horns 2, retaliatory headbutt
a: Renounce Religion, Berserk, Trog's Hand, Brothers in Arms


You were on level 8 of the Dungeon.
You worshipped Trog.
Trog was greatly pleased with you.
You visited 1 branch of the dungeon, and saw 8 of its levels.

You collected 384 gold pieces.
You spent 239 gold pieces at shops.


Innate Abilities, Weirdness & Mutations

You have a pair of horns on your head.
You reflexively headbutt those who attack you in melee.


   Skills:
 - Level 8.0 Fighting
 + Level 14.2 Axes
 - Level 2.0 Throwing
 - Level 5.2 Armour
 - Level 3.1 Dodging
 - Level 9.0 Shields


You had 9 spell levels left.
You didn't know any spells.
Your spell library was empty.

Inventory:

Hand Weapons
 b - a +0 morningstar
 g - a +0 broad axe (weapon)
Missiles
 c - a boomerang (quivered)
Armour
 d - a +0 plate armour
 k - a +0 kite shield (worn)
 m - a +0 cloak (worn)
 o - a +1 pair of boots (worn)
 q - a +0 chain mail (worn)
Jewellery
 h - a +4 ring of evasion (right hand)
 r - a +6 ring of strength (left hand)
Scrolls
 a - a scroll of identify
Potions
 e - a potion of mutation
 f - 3 potions of curing
 l - a potion of might
 s - a potion of cancellation {unknown}

Dungeon Overview and Level Annotations

Branches:
Dungeon (8/15)             Temple (0/1) D:7
   Lair: D:8-11

Altars:
Kikubaaqudgha
Qazlal
Sif Muna
Uskayaw
Vehumet
Wu Jian

Shops:
D:2 (   D:4 (:[   D:6 (

Annotations:
D:2 1 runed translucent door, Crazy Yiuf
D:5 3 runed translucent doors, qw's ghost, novice GrFi


Message History

Your ogre hits the cyclops with a +0 giant spiked club!!
The cyclops dies!
Trog accepts your kill.
Your Axes skill increases to level 14!
You feel yourself speed up.
The centaur hits you with a +0 short sword.
The centaur kicks you but does no damage.
The basilisk gazes at you. You resist with some effort.
Your ogre barely misses the orc.
The orc hits you but does no damage.
The centaur hits you but does no damage.
The centaur kicks you but does no damage.
The basilisk gazes at you. You resist with some effort.
Your ogre hits the orc with a +0 giant spiked club!!
The orc dies!
Trog accepts your kill. The centaur barely misses you.
The centaur kicks you but does no damage.
The centaur hits you with a +0 short sword.
The centaur kicks you but does no damage.
The basilisk bites you but does no damage.
Your ogre barely misses the basilisk.
The ice beast hits you but does no damage.
The centaur barely misses you. The centaur kicks you.
The basilisk bites you but does no damage.
Your ogre hits the basilisk with a +0 giant spiked club!!
The centaur barely misses you. The centaur kicks you.
The ice beast hits you but does no damage.
The centaur hits you but does no damage.
The centaur kicks you but does no damage.
The basilisk bites you.
Your ogre barely misses the basilisk.
The ice beast hits you but does no damage.
You recover from your berserk rage.
The centaur hits you but does no damage.
The centaur kicks you. The basilisk bites you!
Your ogre barely misses the basilisk.
The centaur hits you with a +0 short sword.
The centaur kicks you. The ice beast hits you. The ice beast freezes you!
You die... #..##.## .~. ###..##)# .# #.......# .# #.#.##.## #. .........### #( ## ...#.###.... #(#.# # ##.## #lYc#

... #.# #O@## .. #.##
##))## .# #..# ##..#
##.# ##.% ##.#
#..########.
#######.###.###......)
..................####
...............####
#####.......####
#########


You could see a basilisk (ally target), an ice beast, a centaur and a friendly
ogre (summoned, berserk).

Vanquished Creatures
  A two-headed ogre (D:8)
  A troll (D:5)
  Grinder (D:5)
  A hornet (D:8)
  Sigmund (D:6)
  Eustachio (D:6)
  3 steam dragons
  Grum (D:8)
  Menkaure (D:4)
  3 acid dragons
  A water moccasin (D:6)
  2 orc warriors
  A black bear (D:6)
  A sky beast (D:8)
  2 ogres
  2 phantoms (D:6)
  4 wolves (D:8)
  A kobold brigand (D:7)
  2 necrophages (D:6)
  A gnoll sergeant (D:6)
  2 bullfrogs (D:8)
  A scorpion (D:6)
  6 wights (D:8)
  3 jellies
  5 crimson imps (D:7)
  2 hounds
  3 orc priests
  Jessica (D:2)
  4 iguanas (D:5)
  13 orc wizards
  4 gnolls (D:5)
  12 adders
  2 shadow imps (D:7)
  4 white imps
  4 ufetubi
  4 worms
  4 dart slugs
  33 orcs
  5 bats
  5 endoplasms
  3 giant cockroaches
  4 hobgoblins
  5 quokkas
  5 ball pythons
  3 frilled lizards
  10 goblins
  14 kobolds
  5 rats
197 creatures vanquished.

Vanquished Creatures (collateral kills)
  A cyclops (D:8)
  An orc (D:8)
2 creatures vanquished.

Vanquished Creatures (others)
  A kobold (D:7)
  2 fungi (D:4)
  A plant (D:1)
  6 withered plants (D:5)
10 creatures vanquished.

Grand Total: 209 creatures vanquished

Notes
Turn   | Place    | Note
-------+----------+-------------------------------------------
     0 | D:1      | qw the Minotaur Berserker began the quest for the Orb.
     0 | D:1      | Reached XP level 1. HP: 19/19 MP: 0/0
     0 | D:1      | 0 ||| qw: Version: 0.1-a-108-g9e35731
     0 | D:1      | 0 ||| qw: Game counter: 6513
     0 | D:1      | 0 ||| qw: Always use a shield: true
     0 | D:1      | 0 ||| qw: Do Orc after D:15 true
     0 | D:1      | 0 ||| qw: Do second Lair branch before Depths: true
     0 | D:1      | 0 ||| qw: Lair rune preference: random
     0 | D:1      | 0 ||| qw: Plans: Normal
     0 | D:1      | 0 ||| PLANNING D:1-11
    98 | D:1      | Reached skill level 4 in Axes
   144 | D:1      | Found a faded altar of an unknown god.
   167 | D:1      | Reached XP level 2. HP: 23/26 MP: 1/1
   363 | D:1      | 363 ||| DROPPING +0 club.
   645 | D:1      | 645 ||| UPGRADING to +0 leather armour.
   655 | D:1      | 655 ||| DROPPING +0 animal skin.
   656 | D:1      | 656 ||| UPGRADING to +0 buckler.
   661 | D:1      | 661 ||| READING 2 scrolls labelled OCAZER UHOLU.
   821 | D:2      | 821 ||| Stepping ~*~*~tactically~*~*~ (stealth).
   823 | D:2      | 823 ||| Stepping ~*~*~tactically~*~*~ (stealth).
   869 | D:2      | Noticed Jessica
   875 | D:2      | Killed Jessica
   876 | D:2      | Reached XP level 3. HP: 19/31 MP: 2/2
   896 | D:2      | Reached ** piety under Trog
  1207 | D:2      | Found a runed translucent door.
  1208 | D:2      | Noticed Crazy Yiuf
  1287 | D:2      | 1287 ||| Stepping ~*~*~tactically~*~*~ (stealth).
  1293 | D:2      | 1293 ||| Stepping ~*~*~tactically~*~*~ (stealth).
  1369 | D:2      | Reached skill level 5 in Axes
  1369 | D:2      | Reached XP level 4. HP: 17/39 MP: 3/3
  1549 | D:2      | Found an ancient bone altar of Kikubaaqudgha.
  1835 | D:2      | 1835 ||| Stepping ~*~*~tactically~*~*~ (hiding).
  1857 | D:2      | Found Nothanaxt's Antique Weapon Shop.
  1871 | D:2      | 1871 ||| BUYING flail (87 gold).
  1871 | D:2      | Bought a flail for 87 gold pieces
  1871 | D:2      | 1871 ||| SHOPLISTING glowing war axe (162 gold, have 24).
  1871 | D:2      | 1871 ||| SHOPLISTING runed flail (162 gold, have 24).
  1871 | D:2      | 1871 ||| DROPPING +0 whip.
  2188 | D:2      | 2188 ||| READING 2 scrolls labelled BOAJAB QAMMAEM.
  2189 | D:2      | 2189 ||| DRINKING 3 glowing purple potions.
  2209 | D:2      | 2209 ||| DRINKING 2 lumpy pink potions.
  2210 | D:2      | 2210 ||| READING 2 scrolls of identify.
  2210 | D:2      | 2210 ||| IDENTIFYING sapphire potion
  2211 | D:2      | 2211 ||| DROPPING potion of ambrosia.
  2212 | D:2      | 2212 ||| DROPPING 2 potions of lignification.
  2213 | D:2      | 2213 ||| DROPPING potion of invisibility.
  2313 | D:3      | 2313 ||| Stepping ~*~*~tactically~*~*~ (stealth).
  2316 | D:3      | 2316 ||| Stepping ~*~*~tactically~*~*~ (stealth).
  2425 | D:3      | Found a stormy altar of Qazlal.
  2753 | D:3      | Reached skill level 6 in Axes
  2770 | D:3      | 2770 ||| Stepping ~*~*~tactically~*~*~ (hiding).
  2775 | D:3      | 2775 ||| INVOKING Berserk.
  2780 | D:3      | Reached skill level 1 in Throwing
  2780 | D:3      | Reached XP level 5. HP: 45/45 MP: 4/4
  3000 | D:3      | 3000 ||| INVOKING Berserk.
  3235 | D:3      | 3235 ||| UPGRADING to +0 ring mail.
  3245 | D:3      | 3245 ||| DROPPING +0 leather armour.
  3246 | D:3      | 3246 ||| UPGRADING to ring of willpower.
  3247 | D:3      | 3247 ||| UPGRADING to +4 ring of evasion.
  3248 | D:3      | 3248 ||| READING 2 scrolls of identify.
  3248 | D:3      | 3248 ||| IDENTIFYING bubbling red potion
  3388 | D:4      | 3388 ||| Stepping ~*~*~tactically~*~*~ (stealth).
  3421 | D:4      | 3421 ||| Stepping ~*~*~tactically~*~*~ (stealth).
  3422 | D:4      | 3422 ||| Stepping ~*~*~tactically~*~*~ (stealth).
  3429 | D:4      | Reached skill level 7 in Axes
  3429 | D:4      | 3429 ||| INVOKING Berserk.
  3432 | D:4      | Reached XP level 6. HP: 52/52 MP: 5/5
  3441 | D:4      | Reached *** piety under Trog
  3587 | D:4      | Noticed Menkaure
  3588 | D:4      | 3588 ||| FLEEEEING.
  3593 | D:4      | 3593 ||| FLEEEEING.
  3594 | D:4      | 3594 ||| FLEEEEING.
  3595 | D:4      | 3595 ||| FLEEEEING.
  3608 | D:4      | 3608 ||| FLEEEEING.
  3609 | D:4      | 3609 ||| FLEEEEING.
  3612 | D:4      | 3612 ||| FLEEEEING.
  3617 | D:4      | 3617 ||| STAIRDANCE
  3731 | D:3      | 3731 ||| READING scroll labelled HUYWUSHROESU.
  3732 | D:3      | 3732 ||| READING scroll labelled WIGGORANUM.
  3737 | D:3      | 3737 ||| DRINKING 2 metallic clear potions.
  3738 | D:3      | 3738 ||| DROPPING potion of degeneration.
  3749 | D:4      | 3749 ||| INVOKING Berserk.
  3756 | D:4      | Killed Menkaure
  3757 | D:4      | Reached skill level 8 in Axes
  3997 | D:4      | Found Plog's Armour Boutique.
  3999 | D:4      | Found Paiprud's Antique Weapon Emporium.
  4003 | D:4      | Found Gourgh's Book Boutique.
  4108 | D:4      | 4108 ||| BUYING +0 cloak (54 gold).
  4108 | D:4      | Bought a +0 cloak for 54 gold pieces
  4108 | D:4      | 4108 ||| BUYING +0 pair of boots (54 gold).
  4108 | D:4      | Bought a +0 pair of boots for 54 gold pieces
  4108 | D:4      | 4108 ||| SHOPLISTING +0 pair of gloves (54 gold, have 43).
  4108 | D:4      | 4108 ||| SHOPLISTING +0 pair of gloves of infusion (138
                  | gold, have 43).
  4108 | D:4      | 4108 ||| SHOPLISTING +0 plate armour of cold resistance
                  | (360 gold, have 43).
  4108 | D:4      | 4108 ||| SHOPLISTING +2 pair of gloves of infusion (258
                  | gold, have 43).
  4108 | D:4      | 4108 ||| SHOPLISTING +3 plate armour of cold resistance
                  | (540 gold, have 43).
  4243 | D:4      | Found an ornate altar of the Wu Jian Council.
  4249 | D:4      | Reached XP level 7. HP: 57/57 MP: 6/6
  4329 | D:4      | Found a radiant altar of Vehumet.
  4621 | D:4      | 4621 ||| UPGRADING to +0 cloak.
  4626 | D:4      | 4626 ||| UPGRADING to +0 pair of boots.
  4631 | D:4      | 4631 ||| READING scroll of enchant armour.
  4631 | D:4      | 4631 ||| ENCHANTING +0 pair of boots.
  4632 | D:4      | 4632 ||| UPGRADING to +6 ring of dexterity.
  4634 | D:4      | 4634 ||| DROPPING ring of willpower.
  4635 | D:4      | 4635 ||| READING 2 scrolls of identify.
  4635 | D:4      | 4635 ||| IDENTIFYING amethyst potion
  4644 | D:5      | Entered Level 5 of the Dungeon
  4655 | D:5      | Reached skill level 9 in Axes
  4660 | D:5      | Reached skill level 3 in Shields
  4671 | D:5      | 4671 ||| FLEEEEING.
  4672 | D:5      | 4672 ||| FLEEEEING.
  4676 | D:5      | 4676 ||| Stepping ~*~*~tactically~*~*~ (stealth).
  4754 | D:5      | 4754 ||| DROPPING +0 flail.
  4757 | D:5      | Noticed Grinder
  4758 | D:5      | 4758 ||| INVOKING Trog's Hand.
  4759 | D:5      | 4759 ||| INVOKING Berserk.
  4762 | D:5      | Killed Grinder
  4763 | D:5      | Reached skill level 6 in Fighting
  4881 | D:5      | Found a runed translucent gate.
  4883 | D:5      | Found a runed translucent gate.
  4885 | D:5      | Found a runed translucent gate.
  4886 | D:5      | Noticed qw's ghost (novice GrFi)
  4887 | D:5      | Noticed qw's ghost (novice GrFi)
  4892 | D:5      | 4892 ||| Stepping ~*~*~tactically~*~*~ (stealth).
  4968 | D:5      | Reached skill level 3 in Dodging
  5111 | D:5      | Reached XP level 8. HP: 69/71 MP: 7/7
  5137 | D:5      | 5137 ||| INVOKING Berserk.
  5323 | D:5      | Identified the +1 robe "Lirchaosk" {+Blink rElec rCorr
                  | Dex-5}
  5366 | D:5      | 5366 ||| SWAPPING to +0 war axe.
  5367 | D:5      | 5367 ||| DROPPING +0 hand axe.
  5409 | D:5      | Noticed a troll
  5413 | D:5      | 5413 ||| INVOKING Berserk.
  5417 | D:5      | Killed a troll
  5418 | D:5      | Reached skill level 10 in Axes
  5580 | D:5      | Found the +7 lajatang of Order {silver, rMut}
  5876 | D:5      | 5876 ||| UPGRADING to +0 scale mail.
  5886 | D:5      | 5886 ||| DROPPING +0 ring mail.
  5887 | D:5      | 5887 ||| UPGRADING to +0 chain mail.
  5897 | D:5      | 5897 ||| DROPPING +0 scale mail.
  5898 | D:5      | 5898 ||| READING scroll labelled VEISMY SINELI.
  5899 | D:5      | 5899 ||| READING scroll labelled FOBIESK XAIG.
  5900 | D:5      | 5900 ||| READING scroll labelled OWOFUR JIEZXECEI.
  5901 | D:5      | 5901 ||| READING scroll of teleportation.
  5974 | D:6      | Reached skill level 3 in Armour
  5981 | D:6      | 5981 ||| Stepping ~*~*~tactically~*~*~ (stealth).
  5983 | D:6      | 5983 ||| Stepping ~*~*~tactically~*~*~ (hiding).
  5988 | D:6      | 5988 ||| INVOKING Berserk.
  5999 | D:6      | 5999 ||| DRINKING 2 potions of curing.
  5999 | D:6      | 5999 ||| (to cure confusion)
  6004 | D:6      | Reached **** piety under Trog
  6006 | D:6      | Reached skill level 11 in Axes
  6013 | D:6      | Noticed Sigmund
  6015 | D:6      | 6015 ||| Stepping ~*~*~tactically~*~*~ (hiding).
  6024 | D:6      | Killed Sigmund
  6217 | D:6      | 6217 ||| Stepping ~*~*~tactically~*~*~ (stealth).
  6218 | D:6      | 6218 ||| Stepping ~*~*~tactically~*~*~ (stealth).
  6282 | D:6      | Found a shimmering blue altar of Sif Muna.
  6339 | D:6      | Reached XP level 9. HP: 75/78 MP: 8/8
  6390 | D:6      | Found Qoexto Puyna's Weapon Emporium.
  6395 | D:6      | 6395 ||| BUYING +0 broad axe (44 gold).
  6395 | D:6      | Bought a +0 broad axe for 44 gold pieces
  6395 | D:6      | 6395 ||| SWAPPING to +0 broad axe.
  6396 | D:6      | 6396 ||| DROPPING +0 war axe.
  6503 | D:6      | 6503 ||| INVOKING Berserk.
  6506 | D:6      | Reached skill level 12 in Axes
  6658 | D:6      | 6658 ||| Stepping ~*~*~tactically~*~*~ (stealth).
  6742 | D:6      | Noticed Eustachio
  6747 | D:6      | 6747 ||| INVOKING Berserk.
  6753 | D:6      | Killed Eustachio
  7015 | D:6      | 7015 ||| UPGRADING to +0 kite shield.
  7025 | D:6      | 7025 ||| DROPPING +0 buckler.
  7026 | D:6      | 7026 ||| READING 3 scrolls of identify.
  7026 | D:6      | 7026 ||| IDENTIFYING silvery potion
  7027 | D:6      | 7027 ||| READING 2 scrolls of identify.
  7027 | D:6      | 7027 ||| IDENTIFYING fuming inky potion
  7028 | D:6      | 7028 ||| DROPPING potion of flight.
  7096 | D:7      | 7096 ||| Stepping ~*~*~tactically~*~*~ (hiding).
  7105 | D:7      | 7105 ||| INVOKING Berserk.
  7429 | D:7      | Reached skill level 6 in Shields
  7560 | D:7      | Found a hide-covered altar of Uskayaw.
  7582 | D:7      | 7582 ||| INVOKING Berserk.
  7936 | D:7      | Found a staircase to the Ecumenical Temple.
  8067 | D:7      | 8067 ||| Stepping ~*~*~tactically~*~*~ (cloud).
  8068 | D:7      | 8068 ||| Stepping ~*~*~tactically~*~*~ (cloud).
  8069 | D:7      | 8069 ||| Stepping ~*~*~tactically~*~*~ (hiding).
  8074 | D:7      | 8074 ||| INVOKING Berserk.
  8242 | D:7      | 8242 ||| DROPPING +1 pair of boots.
  8243 | D:7      | 8243 ||| DROPPING ring of ice.
  8244 | D:7      | 8244 ||| UPGRADING to +6 ring of strength.
  8246 | D:7      | 8246 ||| DROPPING +6 ring of dexterity.
  8247 | D:7      | 8247 ||| READING 2 scrolls of identify.
  8247 | D:7      | 8247 ||| IDENTIFYING sedimented dark potion
  8283 | D:8      | 8283 ||| Stepping ~*~*~tactically~*~*~ (hiding).
  8284 | D:8      | 8284 ||| Stepping ~*~*~tactically~*~*~ (hiding).
  8290 | D:8      | 8290 ||| INVOKING Berserk.
  8448 | D:8      | 8448 ||| Stepping ~*~*~tactically~*~*~ (hiding).
  8450 | D:8      | 8450 ||| Stepping ~*~*~tactically~*~*~ (hiding).
  8534 | D:8      | Noticed Grum
  8535 | D:8      | 8535 ||| Stepping ~*~*~tactically~*~*~ (hiding).
  8539 | D:8      | 8539 ||| INVOKING Berserk.
  8541 | D:8      | Reached skill level 9 in Shields
  8547 | D:8      | Reached XP level 10. HP: 86/86 MP: 9/9
  8550 | D:8      | Killed Grum
  8658 | D:8      | 8658 ||| Stepping ~*~*~tactically~*~*~ (stealth).
  8660 | D:8      | 8660 ||| Stepping ~*~*~tactically~*~*~ (hiding).
  8666 | D:8      | 8666 ||| INVOKING Berserk.
  8666 | D:8      | Noticed a two-headed ogre
  8677 | D:8      | Killed a two-headed ogre
  8678 | D:8      | Reached skill level 13 in Axes
  8686 | D:8      | HP: 21/86 [hornet (4)]
  8687 | D:8      | 8687 ||| DRINKING 3 potions of heal wounds.
  8690 | D:8      | Noticed a cyclops
  8693 | D:8      | Reached ***** piety under Trog
  8694 | D:8      | 8694 ||| INVOKING Brothers in Arms.
  8694 | D:8      | HP: 17/88 [steam dragon/ball of steam (14)]
  8695 | D:8      | 8695 ||| DRINKING 2 potions of heal wounds.
  8696 | D:8      | 8696 ||| INVOKING Brothers in Arms.
  8698 | D:8      | 8698 ||| DRINKING potion of heal wounds.
  8700 | D:8      | HP: 19/88 [basilisk (6)]
  8700 | D:8      | Killed a cyclops
  8701 | D:8      | Reached skill level 14 in Axes
  8705 | D:8      | HP: 11/88 [basilisk (2)]
  8706 | D:8      | HP: 5/88 [basilisk (6)]
  8706 | D:8      | Slain by an ice beast

Levels and vault maps discovered:
D:1:      mrwooster_arrival_statue_3, layout_basic,
          shapermc_ecumenical_altar_acropolis
D:2:      layout_basic, serial_shops, shop, basic_altar, uniq_jessica,
          uniq_crazy_yiuf_cottage
D:3:      layout_basic, grunt_qazlal_sundering, grunt_decor_fettered
D:4:      layout_basic, mainiacjoe_overflow_big_doors, kennysheep_donut,
          nicolae_wooded_promenade, minmay_circle_x, uniq_menkaure
D:5:      minmay_inner_zag, layout_basic, gammafunk_ghost_cemetery,
          grunt_ministairs_6, uniq_grinder
D:6:      layout_cave_pools, overflow_temple_1_default, serial_shops, shop,
          kennysheep_generic_room_4, uniq_eustachio, uniq_sigmund
D:7:      layout_loops_ring, mainiacjoe_overflow_brackets,
          minmay_temple_entry_from_below_a, minmay_nine_imps
D:8:      minmay_bloctagon, layout_rooms, minmay_misc_feat_x, uniq_grum,
          uniq_prince_ribbit1

Skill      XL: |  1  2  3  4  5  6  7  8  9 10 |
---------------+-------------------------------+-----
Axes           | 4 5 6 7 8 9 11 12 14 | 14.2
Shields        | 2 3 4 9 |  9.0
Throwing       | 1 2 |  2.0
Fighting       | 4 6 7 8 |  8.0
Dodging        | 3 |  3.1
Armour         | 4 5 |  5.2

Action                   |  1- 3 |  4- 6 |  7- 9 | 10-12 || total
-------------------------+-------+-------+-------+-------++-------
Melee: Hand axe          |    76 |   128 |    70 |       ||   274
       Headbutt          |     4 |    15 |    43 |     4 ||    66
       War axe           |       |       |    50 |       ||    50
       Broad axe         |       |       |    78 |    31 ||   109
Throw: Javelin           |       |    19 |    47 |     2 ||    68
       Boomerang         |       |       |    14 |       ||    14
Invok: Berserk           |       |     4 |    11 |     1 ||    16
       Trog's Hand       |       |       |     1 |       ||     1
       Brothers in Arms  |       |       |       |     1 ||     1
  Use: Scroll            |     1 |     5 |     9 |       ||    15
       Potion            |       |     3 |     1 |     3 ||     7
Armor: Animal skin       |     6 |       |       |       ||     6
       Leather armour    |     9 |     9 |       |       ||    18
       Ring mail         |       |    16 |    14 |       ||    30
       Chain mail        |       |       |    34 |    52 ||    86
Dodge: Dodged            |    48 |    57 |   104 |    47 ||   256
Block: Buckler           |     5 |    17 |    27 |       ||    49
       Kite shield       |       |       |    25 |    41 ||    66

Table legend:
 A = Non-vault XP
 B = Vault XP
 C = Vault XP percentage of total XP
 D = Non-vault monster count
 E = Vault monster count
 F = Vault count percentage of total count
                 A         B        C        D         E       F
            +---------+---------+-------+---------+---------+-------
      Total |    3780 |    4653 |  55.2 |     150 |      49 |  24.6
            +---------+---------+-------+---------+---------+-------
        D:1 |      28 |       0 |   0.0 |      15 |       0 |   0.0
        D:2 |      57 |      37 |  39.4 |      20 |       1 |   4.8
        D:3 |     150 |       0 |   0.0 |      28 |       0 |   0.0
        D:4 |     176 |     295 |  62.6 |      23 |       6 |  20.7
        D:5 |     642 |     495 |  43.5 |      15 |      13 |  46.4
        D:6 |    1236 |     505 |  29.0 |      23 |       3 |  11.5
        D:7 |     560 |     290 |  34.1 |      14 |       9 |  39.1
        D:8 |     931 |    3031 |  76.5 |      12 |      17 |  58.6
            +---------+---------+-------+---------+---------+-------
